 Dungeon Crawl Stone Soup version 0.28-a0-1395-g4f6bc678fa (webtiles) character file.

Game seed: 693815084245139381

88 HallandMoats the Skirmisher (level 4, -4/35 HPs)
             Began as a Demonspawn Fighter on Jan 5, 2022.
             Slain by a gnoll (7 damage)
             ... on level 2 of the Dungeon.
             The game lasted 00:02:40 (1927 turns).

HallandMoats the Skirmisher (Demonspawn Fighter)    Turns: 1927, Time: 00:02:41

Health: -4/35      AC:  7    Str: 16    XL:     4   Next: 29%
Magic:  5/5        EV:  5    Int:  9    God:
Gold:   15         SH:  0    Dex: 15    Spells: 3/3 levels left

rFire   . . .      SeeInvis .   a - +0 flail
rCold   . . .      Faith    .   c - +0 buckler
rNeg    . . .      Spirit   .   b - +0 scale mail
rPois   .          Reflect  .   (no helmet)
rElec   .          Harm     .   h - +0 cloak
rCorr   .          Rampage  .   (no gloves)
Will    .....                   (no boots)
Stlth   ..........              (no amulet)
HPRegen 0.11/turn               (no ring)
MPRegen 0.09/turn               (no ring)

@: mighty, held
A: condensation shield, demonic touch 1
a: no special abilities


You were on level 2 of the Dungeon.
You visited 1 branch of the dungeon, and saw 2 of its levels.

You collected 15 gold pieces.

Inventory:

Hand Weapons
 a - a +0 flail (weapon)
Armour
 b - a +0 scale mail (worn)
 c - a +0 buckler (worn)
 h - a +0 cloak (worn)
Scrolls
 e - a scroll of noise {unknown}
 f - a scroll of enchant armour {unknown}
Potions
 g - a potion of attraction {unknown}
 i - a potion of brilliance {unknown}


   Skills:
 + Level 3.2 Fighting
 * Level 2.4 Maces & Flails
 + Level 2.9 Armour
 + Level 0.8 Dodging
 * Level 3.2 Shields
 * Level 2.3 Invocations


You had 3 spell levels left.
You didn't know any spells.
Your spell library contained the following spells:

 Spells                   Type           Power      Damage    Failure   Level
 Magic Dart               Conj           0%         1d3       85%         1
 Call Imp                 Summ           0%         N/A       94%         2
 Scorch                   Fire           0%         2d5       94%         2
 Mephitic Cloud           Conj/Pois/Air  0%         N/A       99%         3
 Flame Wave               Conj/Fire      0%         2d4       100%        4
 Summon Cactus Giant      Summ           0%         N/A       100%        6


Dungeon Overview and Level Annotations

Branches:
Dungeon (2/15)

Altars:


Innate Abilities, Weirdness & Mutations

A meltable shield of frost defends you. (SH +4)
Your touch may inflict minor irresistible damage on your foes.


Message History

You barely miss the orc.
The orc is heavily wounded.
You block the orc's attack.
You sock the orc!
You kill the orc!
No target in view!
HP restored.
Things that are here:
a +0 short sword; a +0 ring mail
Found a hand axe.
You see here a +0 hand axe.
You see here 3 datura-tipped darts. 2 gnolls come into view.
The gnoll shouts!
You hear a shout!
A gnoll comes into view. It is wielding a +1 whip of distortion.
You feel very mighty all of a sudden. You block the gnoll's attack.
You hit the gnoll.
The gnoll is heavily wounded.
The gnoll barely misses you.
You sock the gnoll!
You kill the gnoll!
You closely miss the gnoll. You block the gnoll's attack.
A kobold comes into view. It is wielding a +0 dagger.
The kobold shouts!
You sock the gnoll!
The gnoll is almost dead.
The gnoll throws a throwing net.
The throwing net hits you.
You become entangled in the net!
The gnoll hits you with a +1 whip of distortion.
Space warps horribly around you!
You struggle against the net.
The gnoll completely misses you.
You struggle against the net.
The gnoll hits you with a +0 flail.
* * * LOW HITPOINT WARNING * * *
The gnoll hits you with a +1 whip of distortion.
* * * LOW HITPOINT WARNING * * *
Space warps around you.
* * * LOW HITPOINT WARNING * * *
You tear a large gash into the net.
The gnoll hits you with a +0 flail!
You die...

...........#####........
############ #.#######
#.# #.# #.# #.# #.# #.#
#@# #gg.K.... ####...##
###


You could see 2 gnolls and a kobold.

Vanquished Creatures
  An orc wizard (D:2)
  2 gnolls
  A dart slug (D:1)
  4 orcs (D:2)
  3 ball pythons
  6 endoplasms
  6 hobgoblins
  2 kobolds (D:1)
  2 quokkas (D:1)
  2 bats
  2 frilled lizards
  4 rats
35 creatures vanquished.

Notes
Turn   | Place    | Note
-------+----------+-------------------------------------------
     0 | D:1      | HallandMoats the Demonspawn Fighter began the quest for the
                  | Orb.
     0 | D:1      | Reached XP level 1. HP: 18/18 MP: 1/1
    18 | D:1      | Gained mutation: A meltable shield of frost defends you.
                  | (SH +4) [demonic ancestry]
    18 | D:1      | Reached XP level 2. HP: 16/24 MP: 2/2
   128 | D:1      | Reached skill level 1 in Invocations
   616 | D:1      | Gained mutation: Your touch may inflict minor irresistible
                  | damage on your foes. [demonic ancestry]
   616 | D:1      | Reached XP level 3. HP: 22/29 MP: 4/4
  1672 | D:2      | Reached XP level 4. HP: 35/35 MP: 5/5
  1927 | D:2      | Slain by a gnoll

Illustrated notes

Levels and vault maps discovered:
D:1:      dpeg_arrival_tiny_j, layout_basic
D:2:      layout_loops_ring, basic_altar, minmay_tetromino_o2

Skill      XL: |  1  2  3 |
---------------+----------+-----
Maces & Flails | 2 |  2.4
Invocations    | 1 2 |  2.3
Shields        | 3 |  3.2
Fighting       | |  3.2
Armour         | |  2.9
Dodging        | |  0.8

Action                   |  1- 3 |  4- 6 || total
-------------------------+-------+-------++-------
Melee: Flail             |    81 |    24 ||   105
  Use: Potion            |       |     1 ||     1
Armor: Scale mail        |    21 |     7 ||    28
Dodge: Dodged            |    27 |     3 ||    30
Block: Buckler           |    34 |     7 ||    41

Table legend: (Time is in decaauts)
 A = Elapsed time spent in this place.
 B = Non-inter-level travel time spent in this place.
 C = Inter-level travel time spent in this place.
 D = Time resting spent in this place.
 E = Time spent auto-exploring this place.
 F = Levels seen in this place.
 G = Mean time per level.
                   A        B        C        D        E       F      G
               +--------+--------+--------+--------+--------+-----+--------+
         Total |   1961 |   1949 |     12 |    317 |   1312 |   2 |  980.5 |
       Dungeon |   1961 |   1949 |     12 |    317 |   1312 |   2 |  980.5 |
               +--------+--------+--------+--------+--------+-----+--------+

Top non-repeatable levels by time:
     D:2: 1023 daAuts
     D:1: 938 daAuts
